 Dungeon Crawl Stone Soup version 0.28.0-45-g0d030f2227 (webtiles) character file.

Game seed: 17969845039408643712

1096 Peloso the Slasher (level 8, -2/70 HPs)
             Began as a Minotaur Fighter on Apr 3, 2022.
             Splashed by a jelly's acid (8 damage)
             ... on level 6 of the Dungeon.
             The game lasted 00:09:36 (5522 turns).

Peloso the Slasher (Minotaur Fighter)               Turns: 5522, Time: 00:09:37

Health: -2/70      AC: -4    Str: 21    XL:     8   Next: 10%
Magic:  7/7        EV:  8    Int:  5    God:
Gold:   225        SH: 10    Dex: 12    Spells: 7/7 levels left

rFire   . . .      SeeInvis .   a - +0 long sword
rCold   + . .      Faith    .   d - +0 buckler
rNeg    . . .      Spirit   .   c - +0 chain mail
rPois   .          Reflect  +   (helmet restricted)
rElec   .          Harm     .   (no cloak)
rCorr   .          Rampage  .   A - +0 pair of gloves
Will    .....                   (no boots)
Stlth   ..........              q - amulet of reflection
HPRegen 0.21/turn               v - ring of protection from cold
MPRegen 0.10/turn               (no ring)

@: corroded
A: horns 2, retaliatory headbutt
a: no special abilities


You were on level 6 of the Dungeon.
You visited 1 branch of the dungeon, and saw 6 of its levels.

You collected 225 gold pieces.

Inventory:

Hand Weapons
 a - a +0 long sword (weapon)
 b - a +1 dagger of flaming
Armour
 c - a +0 chain mail (worn)
 d - a +0 buckler (worn)
 A - a +0 pair of gloves (worn)
Jewellery
 q - an amulet of reflection (around neck)
 v - a ring of protection from cold (left hand)
Wands
 p - a wand of acid (6)
 y - a wand of flame (12)
Scrolls
 f - a scroll of immolation
 g - a scroll of identify
 h - a scroll of enchant armour
 i - 2 scrolls of fear
 j - 5 scrolls of teleportation {unknown}
 l - a scroll of acquirement
 m - 2 scrolls of enchant weapon {unknown}
 s - 2 scrolls of blinking {unknown}
 t - 2 scrolls of fog {unknown}
 u - a scroll of holy word {unknown}
 x - 2 scrolls of silence {unknown}
Potions
 e - 2 potions of mutation
 k - a potion of curing
 n - a potion of berserk rage {unknown}
 o - a potion of flight {unknown}
 r - a potion of might
 w - a potion of cancellation {unknown}
 z - 2 potions of attraction {unknown}
 B - a potion of heal wounds {unknown}


   Skills:
 + Level 5.8 Fighting
 + Level 7.6 Long Blades
 + Level 6.6 Armour
 + Level 2.3 Dodging
 + Level 0.4 Stealth
 + Level 5.3 Shields


You had 7 spell levels left.
You didn't know any spells.
Your spell library contained the following spells:

 Spells                   Type           Power      Damage    Failure   Level
 Beastly Appendage        Tmut           0%         N/A       99%         1
 Sandblast                Erth           0%         2d4       99%         1
 Corpse Rot               Necr/Air       0%         N/A       100%        2
 Passwall                 Tmut/Erth      0%         N/A       100%        2
 Poisonous Vapours        Pois/Air       0%         N/A       100%        2
 Wereblood                Tmut           0%         N/A       100%        2
 Spider Form              Tmut/Pois      0%         N/A       100%        3
 Stone Arrow              Conj/Erth      0%         3d7       100%        3
 Tukima's Dance           Hex            0%         N/A       100%        3
 Passage of Golubria      Tloc           0%         N/A       100%        4
 Yara's Violent Unravell  Hex/Tmut       0%         3d3       100%        5


Dungeon Overview and Level Annotations

Branches:
Dungeon (6/15)
 Temple: D:4-7

Altars:

Shops:
D:4 (

Annotations:
D:2 1 runed translucent door, Crazy Yiuf
D:3 2 runed translucent doors, Quickbrownfox's ghost, amateur DsIE
D:5 3 runed translucent doors, Revguard's ghost, novice KoBr


Innate Abilities, Weirdness & Mutations

You have a pair of horns on your head.
You reflexively headbutt those who attack you in melee.


Message History

You hit the ogre but do no damage. Your headbutt misses the ogre.
The ogre is heavily wounded.
You block the ogre's attack.
A jelly comes into view.
The jelly quivers.
You slash the ogre!
The ogre is almost dead.
The ogre hits you with a +0 giant club!!
The jelly jiggles.
You slash the ogre!
You kill the ogre!
You see here a +0 giant club.
The jelly hits you but does no damage.
You slash the jelly! The acid corrodes you!
Your hands burn!
The jelly is heavily wounded.
The jelly hits you but does no damage.
You hit the jelly but do no damage. The acid corrodes you!
Your hands burn!
The jelly is heavily wounded.
The jelly hits you. The acid corrodes you!
You are splashed with acid!
You hit the jelly. The acid corrodes you!
Your hands burn!
* * * LOW HITPOINT WARNING * * *
The jelly is severely wounded.
The jelly hits you.
* * * LOW HITPOINT WARNING * * *
You are splashed with acid.
* * * LOW HITPOINT WARNING * * *
You feel better. The jelly barely misses you. You furiously retaliate!
You headbutt the jelly, but do no damage.
You hit the jelly. The acid corrodes you!
Your hands burn!
* * * LOW HITPOINT WARNING * * *
The jelly is almost dead.
You block the jelly's attack.
Unknown command.
You hit the jelly but do no damage.
Your hands burn!
* * * LOW HITPOINT WARNING * * *
The jelly is almost dead.
The jelly hits you.
* * * LOW HITPOINT WARNING * * *
You are splashed with acid!
You die...

?........##
##........#
#≈...≈....#
#≈........#
≈≈≈≈≈≈≈.#†#
#######.#.########.#
... #..........#.# ...
###)######.#.# ..# #@#
#.#.# #..# ##J## #.#.#
#..# ##...#####.#.#
#..#
#........#.#.###..#
#....................#
#.#............###...#
#............≈.≈##...#
#.#..........≈.≈.....#
#.###.......#≈.≈##^#.#


You could see a jelly.

Vanquished Creatures
  A water moccasin (D:6)
  A sky beast (D:5)
  An ogre (D:6)
  2 kobold brigands
  A water moccasin zombie (D:5)
  A wyvern skeleton (D:5)
  A water moccasin skeleton (D:5)
  A howler monkey (D:6)
  A hound (D:4)
  An orc priest (D:5)
  A bullfrog skeleton (D:4)
  4 iguanas
  Jessica (D:2)
  An orc wizard (D:5)
  Robin (D:2)
  5 adders
  A howler monkey skeleton (D:5)
  A white imp (D:5)
  An ufetubus (D:5)
  A worm (D:2)
  3 dart slugs
  14 orcs
  5 bats
  4 endoplasms
  A giant cockroach (D:2)
  19 goblins
  12 hobgoblins
  4 jackals (D:1)
  33 kobolds
  4 quokkas
  3 ball pythons
  9 frilled lizards
  6 rats
145 creatures vanquished.

Vanquished Creatures (others)
  32 plants (D:4)
32 creatures vanquished.

Grand Total: 177 creatures vanquished

Notes
Turn   | Place    | Note
-------+----------+-------------------------------------------
     0 | D:1      | Peloso the Minotaur Fighter began the quest for the Orb.
     0 | D:1      | Reached XP level 1. HP: 19/19 MP: 0/0
    37 | D:1      | You fall into a shaft and drop 1 floor!
    37 | D:2      | Noticed Jessica
    47 | D:2      | Reached XP level 2. HP: 8/27 MP: 1/1
    59 | D:2      | Killed Jessica
    60 | D:2      | Reached XP level 3. HP: 5/33 MP: 2/2
   348 | D:2      | Found a runed translucent door.
   349 | D:2      | Noticed Crazy Yiuf
  1011 | D:1      | Reached skill level 3 in Long Blades
  1011 | D:1      | Reached XP level 4. HP: 40/41 MP: 3/3
  1980 | D:2      | Noticed Robin
  1997 | D:2      | Killed Robin
  2360 | D:3      | Reached skill level 1 in Dodging
  2360 | D:3      | Reached XP level 5. HP: 42/47 MP: 4/4
  2363 | D:3      | Found a runed translucent door.
  2366 | D:3      | Noticed Quickbrownfox's ghost (amateur DsIE)
  2518 | D:3      | Reached skill level 5 in Armour
  2639 | D:3      | Found a runed translucent door.
  2811 | D:3      | Found a faded altar of an unknown god.
  2967 | D:3      | Reached skill level 4 in Long Blades
  3306 | D:4      | Reached XP level 6. HP: 53/55 MP: 5/5
  3452 | D:4      | Found Launusim's Weapon Boutique.
  3890 | D:4      | Reached skill level 5 in Fighting
  3890 | D:4      | Reached skill level 5 in Long Blades
  4522 | D:5      | Entered Level 5 of the Dungeon
  4550 | D:5      | Noticed a sky beast
  4565 | D:5      | Killed a sky beast
  4566 | D:5      | Reached XP level 7. HP: 54/61 MP: 6/6
  4621 | D:5      | Found a runed translucent gate.
  4621 | D:5      | Noticed Revguard's ghost (novice KoBr)
  4622 | D:5      | Found a runed translucent gate.
  4758 | D:5      | Reached skill level 6 in Long Blades
  4879 | D:5      | Reached skill level 5 in Shields
  5271 | D:5      | Found a runed translucent gate.
  5345 | D:5      | Identified a scroll of acquirement
  5487 | D:6      | Reached skill level 7 in Long Blades
  5504 | D:6      | Reached XP level 8. HP: 62/70 MP: 7/7
  5522 | D:6      | Splashed by a jelly's acid

Illustrated notes

Levels and vault maps discovered:
D:1:      scummos_arrival_simple_fountains, layout_basic, minmay_split_cup_large
D:2:      layout_basic, nicolae_concentric_dashed_squares_mild,
          kennysheep_big_empty_room, minmay_cut_off, uniq_crazy_yiuf_cottage,
          uniq_robin, uniq_jessica
D:3:      cheibrodos_thug_alley, layout_rooms,
          dilly_ecumenical_altar_fadedgnrine, serial_aquarium,
          aquarium_bridge_long_joined [aquarium_subvault_wall,
          aquarium_subvault_wall, aquarium_subvault_bridge,
          aquarium_subvault_bridge, aquarium_subvault_balcony,
          aquarium_subvault_wall], aquarium_window_fake, aquarium_window_fake,
          aquarium_window_corridor_1, aquarium_window_2, aquarium_view_2d,
          aquarium_pool_side, ebering_ghost_sewer_f
D:4:      kennysheep_kobold_camp, layout_loops_ring, serial_shops,
          nicolae_shop_waterfront
D:5:      layout_basic, gammafunk_ghost_split
D:6:      layout_loops_ring, serial_shops, shop_statue, serial_rivers,
          chequers_serial_rivers_micro_d, chequers_serial_rivers_micro_e,
          chequers_serial_rivers_small_a, chequers_serial_rivers_micro_d

Skill      XL: |  1  2  3  4  5  6  7 |
---------------+----------------------+-----
Fighting       | 4 5 |  5.8
Armour         | 4 5 6 |  6.6
Shields        | 4 5 |  5.3
Long Blades    | 3 4 5 7 |  7.6
Dodging        | 1 2 |  2.3
Stealth        | |  0.4

Action                   |  1- 3 |  4- 6 |  7- 9 || total
-------------------------+-------+-------+-------++-------
Melee: Long sword        |    68 |   236 |   113 ||   417
       Headbutt          |     5 |    47 |    13 ||    65
       Punch             |       |     2 |       ||     2
  Use: Potion            |       |     1 |     1 ||     2
       Scroll            |       |       |     5 ||     5
Armor: Scale mail        |    36 |    30 |       ||    66
       Chain mail        |       |    57 |    52 ||   109
Dodge: Dodged            |    37 |    79 |    24 ||   140
Block: Buckler           |    19 |    31 |    24 ||    74
       Other             |       |    21 |     6 ||    27
